 Dungeon Crawl Stone Soup version 0.30-a0-728-gc68057be0a (webtiles) character file.

Game seed: 10293487994763086819

93 Legacy the Trooper (level 4, 0/67 HPs)
             Began as a Minotaur Berserker on Feb 1, 2023.
             Was a Believer of Trog.
             Slain by an orc wizard
             ... wielding a +0 dagger
              (3 damage)
             ... on level 3 of the Dungeon.
             The game lasted 00:04:37 (1925 turns).

Legacy the Trooper (Minotaur Berserker)             Turns: 1925, Time: 00:04:37

Health: 0/67       AC:  6    Str: 23    XL:     4   Next: 36%
Magic:  3/3        EV: 10    Int:  4    God:    Trog [**....]
Gold:   127        SH:  0    Dex: 10    Spells: 3/3 levels left

rFire   . . .      SeeInvis .    a - +0 hand axe
rCold   . . .      Faith    .    (no shield)
rNeg    . . .      Spirit   .    i - +0 scale mail
rPois   +          Reflect  .    (helmet restricted)
rElec   .          Harm     .    (no cloak)
rCorr   .          Rampage  .    (no gloves)
Will    .....                    (no boots) Stlth
                                 (no amulet)
HPRegen 0.31/turn                j - ring of poison resistance
MPRegen 0.08/turn                (no ring)

@: brilliant, berserking, very quick
A: horns 2, retaliatory headbutt
a: Renounce Religion, Berserk, Trog's Hand


You were on level 3 of the Dungeon.
You worshipped Trog.
Trog was pleased with you.
You visited 1 branch of the dungeon, and saw 3 of its levels.

You collected 127 gold pieces.

Inventory:

Hand Weapons
 a - a +0 hand axe (weapon)
Armour
 b - a +0 animal skin
 i - a +0 scale mail (worn)
Jewellery
 j - a ring of poison resistance (left hand)
Wands
 p - a wand of polymorph (12)
Scrolls
 d - a scroll of teleportation
 f - 2 scrolls of poison
 l - a scroll of blinking
 m - 2 scrolls of fog {unknown}
 o - a scroll of noise {unknown}
Potions
 c - a potion of ambrosia {unknown}
 e - 2 potions of heal wounds {unknown}
 g - 2 potions of brilliance
 k - a potion of lignification {unknown}
 n - a potion of magic {unknown}


   Skills:
 + Level 6.3 Fighting
 - Level 3.6 Axes
 - Level 2.4 Armour
 - Level 2.1 Dodging


You had 3 spell levels left.
You didn't know any spells.
Your spell library was empty.

Dungeon Overview and Level Annotations

Branches:
Dungeon (3/15)

Altars:


Innate Abilities, Weirdness & Mutations

You have a pair of horns on your head.
You reflexively headbutt those who attack you in melee.


Message History

You bump into the rock wall.
Something hits you but does no damage.
You bump into the rock wall.
Something hits you.
* * * LOW HITPOINT WARNING * * *
You bump into the rock wall.
Something hits you.
* * * LOW HITPOINT WARNING * * *
Something hits you.
* * * LOW HITPOINT WARNING * * *
You hear some strange, mumbled words.
A puff of flame appears from out of thin air!
The puff of flame hits you!
* * * LOW HITPOINT WARNING * * *
You bump into the rock wall.
You are too confused!
You feel less confused.
You closely miss something. Your headbutt misses something.
Something hits you but does no damage.
You hit something. Your headbutt misses something.
You hear some strange, mumbled words.
You are confused.
Okay, then.
You completely miss something. Something hits you but does no damage.
It was a potion of brilliance.
You feel clever all of a sudden. Something hits you but does no damage.
Unknown command.
Unknown command.
Unknown command.
It was a potion of berserk rage.
A red film seems to cover your vision as you go berserk!
You feel yourself moving faster!
You feel mighty! Something hits you.
* * * LOW HITPOINT WARNING * * *
Unknown command.
You closely miss something. Something hits you.
* * * LOW HITPOINT WARNING * * *
You barely miss something. Your headbutt misses something. Something hits you.
* * * LOW HITPOINT WARNING * * *
You feel less confused.
You feel a strong urge to attack something.
Something hits you.
You die...

.######..................#
###... ...
###.####..########.....<...
##..# #.##...## #####...
#.# #....### ##... .#
#.#### ####.... # ##.#
####......... #..#
####.....##.....
#..########..).###....##..
#........@{.).............
#####.....#######..^######
.!.?##..## [..# #
#........... ...# ##
#.####....... ....! .. #
#......... ##.######
#..######.. ...###### ..#
.. #......# #.####<#


There were no monsters in sight!

Vanquished Creatures
  3 adders (D:2)
  5 dart slugs
  3 orcs (D:3)
  4 ball pythons
  4 endoplasms
  3 giant cockroaches
  4 goblins
  5 hobgoblins
  5 kobolds
  2 quokkas
  6 bats
  3 frilled lizards (D:2)
  A rat (D:2)
48 creatures vanquished.

Vanquished Creatures (others)
  A plant (D:1)
1 creature vanquished.

Grand Total: 49 creatures vanquished

Notes
Turn   | Place    | Note
-------+----------+-------------------------------------------
     0 | D:1      | Legacy the Minotaur Berserker began the quest for the Orb.
     0 | D:1      | Reached XP level 1. HP: 19/19 MP: 0/0
   122 | D:1      | Reached skill level 4 in Fighting
   180 | D:1      | Found a faded altar of an unknown god.
   300 | D:1      | Reached XP level 2. HP: 28/28 MP: 1/1
   555 | D:1      | Reached skill level 5 in Fighting
   707 | D:1      | Reached XP level 3. HP: 35/36 MP: 2/2
   935 | D:2      | Reached ** piety under Trog
  1488 | D:2      | Reached skill level 6 in Fighting
  1488 | D:2      | Reached XP level 4. HP: 37/43 MP: 3/3
  1923 | D:3      | HP: 3/67 [something (3)]
  1925 | D:3      | Slain by an orc wizard

Illustrated notes

Levels and vault maps discovered:
D:1:      sevenhm_arrival_forest_fort_small_4, layout_basic,
          hellmonk_ecumenical_altar_arch_garden,
          nicolae_kite_square_tiling_tiny, minivault_19
D:2:      layout_rooms
D:3:      layout_rooms, marbit_many_paths, mainiacjoe_overflow_big_doors,
          minmay_misc_feat_square, uniq_crazy_yiuf_cottage

Skill      XL: |  1  2  3 |
---------------+----------+-----
Fighting       | 4 5 6 |  6.3
Axes           | |  3.6
Armour         | |  2.4
Dodging        | |  2.1

Action                     |  1- 3 |  4- 6 || total
---------------------------+-------+-------++-------
  Melee: Hand axe          |    65 |    26 ||    91
         Headbutt          |     5 |     2 ||     7
         Punch             |     1 |       ||     1
    Use: Scroll            |     3 |       ||     3
         Potion            |       |     2 ||     2
 Armour: Animal skin       |     5 |       ||     5
         Scale mail        |    24 |    18 ||    42
  Dodge: Dodged            |    65 |    17 ||    82

Table legend: (Time is in decaauts)
 A = Elapsed time spent in this place.
 B = Non-inter-level travel time spent in this place.
 C = Inter-level travel time spent in this place.
 D = Time resting spent in this place.
 E = Time spent auto-exploring this place.
 F = Levels seen in this place.
 G = Mean time per level.
                   A        B        C        D        E       F      G
               +--------+--------+--------+--------+--------+-----+--------+
         Total |   1942 |   1817 |    125 |    130 |      0 |   3 |  647.3 |
       Dungeon |   1942 |   1817 |    125 |    130 |      0 |   3 |  647.3 |
               +--------+--------+--------+--------+--------+-----+--------+

Top non-repeatable levels by time:
     D:1: 924 daAuts
     D:2: 700 daAuts
     D:3: 317 daAuts
